 Dungeon Crawl Stone Soup version 0.23-a0-767-gdc19b93d68 (webtiles) character file.

24162 Hercules1031 the Protected (level 13, -5/84 HPs)
             Began as a Gargoyle Fighter on Jan 21, 2019.
             Was a Follower of Ashenzari.
             Killed from afar by an efreet (16 damage)
             ... with a fireball
             ... in a volcano.
             The game lasted 00:45:00 (12443 turns).

Hercules1031 the Protected (Gargoyle Fighter)      Turns: 12443, Time: 00:45:00

Health: -5/84      AC: 35    Str: 25    XL:     13   Next: 11%
Magic:  0/22       EV: 10    Int: 12    God:    Ashenzari [*.....]
Gold:   700        SH: 14    Dex:  9    Spells: 12/12 levels left

rFire    . . .     SeeInvis .   u - +5 whip (elec) (curse)
rCold    . . .     Gourm    .   c - +2 shield (curse)
rNeg     + . .     Faith    .   l - +0 plate armour
rPois    ∞         Spirit   +   s - +2 helmet {Int+3} (curse)
rElec    +         Reflect  .   O - scarf {repulsion}
rCorr    .         Harm     .   x - +2 pair of gloves (curse)
MR       +....                  i - +2 pair of boots (curse)
Stlth    ..........             o - amulet of guardian spirit (curse)
HPRegen  0.24/turn              j - ring of magical power (curse)
MPRegen  0.18/turn              k - ring of protection from magic (curse)

@: repel missiles
A: negative energy resistance 1, electricity resistance, unbreathing,
petrification resistance, rot immunity, AC +9
a: Curse Item, Scrying, Renounce Religion


You were in a volcano.
You worshipped Ashenzari.
Ashenzari was aware of your devotion.
You were full.

You visited 3 branches of the dungeon, and saw 14 of its levels.
You also visited: Volcano.

You collected 700 gold pieces.

Inventory:

Hand Weapons
 a - a +0 flail
 e - a +2 short sword of speed
 f - a +0 dire flail
 m - a +0 dire flail
 r - a +1 mace of draining
 u - a cursed +5 whip of electrocution (weapon)
 C - a +1 mace of crushing
 D - a +1 flail of holy wrath
 E - a +0 morningstar
Armour
 b - a +0 scale mail
 c - a cursed +2 shield (worn)
 i - a cursed +2 pair of boots (worn)
 l - a +0 plate armour (worn)
 p - a +0 helmet
 s - a cursed +2 helmet of intelligence (worn)
 x - a cursed +2 pair of gloves (worn)
 B - the +2 robe of Least Resistance {-Tele rPois Dex-3 SInv}
   (You found it on level 5 of the Dungeon)

   It affects your dexterity (-3).
   It protects you from poison.
   It lets you see invisible.
   It prevents most forms of teleportation.
 I - a +2 pair of boots
 O - a scarf of repulsion (worn)
Jewellery
 g - an uncursed amulet of faith
 j - a cursed ring of magical power (left hand)
 k - a cursed ring of protection from magic (right hand)
 n - a +2 amulet of reflection
 o - a cursed amulet of guardian spirit (around neck)
 v - an uncursed ring of wizardry
 y - an uncursed amulet of the acrobat
 M - an uncursed ring of resist corrosion
Wands
 d - a wand of clouds (7)
 z - a wand of random effects (23)
 G - a wand of polymorph (8)
 J - a wand of acid (13)
 P - a wand of flame (18)
Scrolls
 A - 2 scrolls of fog
 F - 3 scrolls of amnesia
 K - a scroll of teleportation
 Q - a scroll of identify
Potions
 L - 2 potions of brilliance
Comestibles
 w - 17 rations


   Skills:
 + Level 11.1 Fighting
 + Level 10.0 Maces & Flails
 + Level 11.1 Armour
 * Level 8.3 Dodging
 + Level 11.1 Shields


You had 12 spell levels left.
You didn't know any spells.
Your spell library contained the following spells:

 Spells                   Type           Power        Failure   Level  Hunger
 Animate Skeleton         Necr           N/A          99%         1    ##.....
 Apportation              Tloc           #.....       99%         1    ##.....
 Confusing Touch          Hex            #.....       99%         1    ##.....
 Summon Small Mammal      Summ           #...         99%         1    ##.....


Dungeon Overview and Level Annotations

Branches:
Dungeon (11/15)            Temple (1/1) D:7            Lair (2/6) D:10
  Swamp: Lair:2-4    Shoals: Lair:2-4     Snake: Lair:2-4    Spider: Lair:2-4
    Orc: D:9-12

Altars:
Ashenzari
Cheibriados
Dithmenos
Elyvilon
Gozag
Kikubaaqudgha
Makhleb
Nemelex Xobeh
Okawaru
Ru
Uskayaw
Vehumet
Wu Jian
Xom
Yredelemnul
The Shining One

Shops:
D:4 (   D:10 :

Annotations:
Lair:2 exclusion: 3 oklob plants


Innate Abilities, Weirdness & Mutations

You are resistant to torment.
Your stone body is resilient. (AC +9)
You are immune to poison.
You resist negative energy. (rN+)
You are resistant to electric shocks. (rElec)
You can survive without breathing.
You are immune to petrification.
You are immune to rotting.


Message History

The efreet gestures at you.
The fireball explodes!
The fireball engulfs you!
* * * LOW HITPOINT WARNING * * *
Unknown command.
Unknown command.
The efreet gestures at you. The bolt of fire hits you!
There is an open door here.
Found a rocky tunnel leading out of this place.
There is an open door here.
There is a rocky tunnel leading out of this place here.
Okay, then.
There is a large open door here.
The efreet gestures at you.
The fireball explodes!
The fireball engulfs you!
* * * LOW HITPOINT WARNING * * *
Unknown command.
The efreet gestures at you.
The fireball explodes!
The fireball engulfs you!
You die...

≈≈≈≈≈≈§≈§≈≈≈§§≈§§§≈≈§≈§§≈≈≈§≈§≈≈≈
≈≈≈§≈≈≈≈§≈≈§§§§≈≈§≈§§§§§≈§§≈§≈≈≈≈
≈§§≈≈§≈§≈§≈§≈≈≈≈≈≈§≈§§≈≈≈§≈≈§≈≈≈§
§§§≈≈§§§§≈§≈≈§§≈≈§§≈§§≈≈≈§≈≈§≈§§≈
§§≈≈≈≈≈§≈§≈≈§≈≈≈≈§≈§§≈≈≈≈≈§..≈≈≈≈
§≈≈≈§≈≈≈≈≈§≈§.○☼°○○○○{°○°R...§§§.
§≈≈≈ §§§≈≈§≈○#################☼≈
§≈≈ §≈§≈§≈≈§#....°.....+ #○. §≈≈
≈§§≈≈≈≈§#.@.R#☼8_8.# #☼≈ ≈≈
≈≈≈≈§§≈§#....#.....# #○≈ ≈≈
≈§≈≈§≈≈.###''###'###'○###§≈ ≈§
≈≈≈≈≈≈≈E#......#.#....☼E#R≈ ≈≈
≈≈≈≈≈≈≈.######.#.#.######§≈ ≈≈
≈≈§§≈§≈○# .#.# #.≈ §≈ §§§≈≈§§§#
#.# #.≈ §§ ≈§≈≈≈≈§§# #R# #.≈
§≈≈§§≈≈§§≈≈§≈R# #☼# { #☼≈


You could see an efreet.

Vanquished Creatures
  A stone giant (Volcano)
  A hydra (Lair:2)
  2 two-headed ogres
  A catoblepas (D:11)
  A queen ant (Lair:2)
  Nergalle (D:10)
  The ghost of domsik the Cleaver, a novice MiFi of Okawaru (D:7)
  An unseen horror (D:10)
  3 black mambas
  4 komodo dragons
  2 spiny frogs
  2 rime drakes
  2 queen bees
  A troll (D:10)
  A hornet (D:7)
  Grinder (D:6)
  Prince Ribbit (D:6)
  2 hippogriffs (D:8)
  7 yaks
  2 fire bats (Volcano)
  A wyvern (D:8)
  A steam dragon (D:7)
  Grum (D:8)
  A vampire mosquito (D:11)
  20 soldier ants (Lair:2)
  Duvessa (D:6)
  10 water moccasins
  4 porcupines
  3 black bears
  5 orc warriors
  2 eyes of draining
  2 phantoms
  2 sky beasts
  4 ice beasts
  2 wolves (D:8)
  6 ogres
  2 centaurs
  3 crocodiles
  A big kobold (D:11)
  7 bullfrogs
  2 gnoll sergeants
  Dowan (D:6)
  A water moccasin zombie (D:8)
  4 scorpions
  A water moccasin skeleton (D:8)
  36 killer bees
  An electric eel (D:8)
  8 wights
  5 howler monkeys
  5 lava snakes (Volcano)
  7 crimson imps
  A centaur zombie (D:11)
  3 quasits
  A bullfrog zombie (D:5)
  9 hounds
  4 jellies
  5 orc priests
  7 orc wizards
  2 bullfrog skeletons (D:8)
  2 centaur skeletons (D:11)
  7 iguanas
  31 worker ants
  2 hound zombies
  A worker ant zombie (D:9)
  Robin (D:2)
  12 gnolls
  19 adders
  4 shadow imps
  2 adder skeletons
  An adder zombie (D:5)
  5 worms
  4 dart slugs
  9 leopard geckos
  42 orcs
  A ball python (D:3)
  7 bats
  A giant cockroach (D:2)
  19 goblins
  7 hobgoblins
  27 jackals
  5 quokkas
  4 frilled lizards
  A jackal skeleton (D:5)
  14 kobolds
  A leopard gecko zombie (D:4)
  2 quokka skeletons
  12 rats
  A butterfly (Lair:1)
  2 plants
464 creatures vanquished.

Vanquished Creatures (others)
  An adder (D:8)
  A fungus (Lair:2)
  4 plants
6 creatures vanquished.

Grand Total: 470 creatures vanquished

Notes
Turn   | Place    | Note
-------+----------+-------------------------------------------
     0 | D:1      | Hercules1031 the Gargoyle Fighter began the quest for the
                  | Orb.
     0 | D:1      | Reached XP level 1. HP: 14/14 MP: 1/1
    81 | D:1      | Reached XP level 2. HP: 18/19 MP: 2/2
   231 | D:1      | Reached XP level 3. HP: 22/23 MP: 3/3
   728 | D:2      | Noticed a +3 dagger
   728 | D:2      | Noticed a +0 dagger
   729 | D:2      | Found a hide-covered altar of Uskayaw.
   735 | D:2      | Reached skill level 1 in Dodging
   805 | D:2      | Reached XP level 4. HP: 29/29 MP: 4/4
   914 | D:2      | Noticed Robin
   979 | D:2      | Killed Robin
  1335 | D:3      | Reached XP level 5. HP: 33/33 MP: 5/5
  2246 | D:3      | Reached XP level 6. HP: 39/39 MP: 6/6
  2294 | D:4      | Noticed a sky beast
  2357 | D:3      | Killed a sky beast
  2593 | D:4      | Reached XP level 7. HP: 33/44 MP: 7/7
  2640 | D:4      | Found Quzehaar's Weapon Shoppe.
  2744 | D:4      | Reached skill level 5 in Shields
  2762 | D:4      | Reached skill level 5 in Fighting
  2762 | D:4      | Reached skill level 5 in Armour
  2819 | D:4      | Found a shadowy altar of Dithmenos.
  3024 | D:4      | Reached XP level 8. HP: 48/50 MP: 8/8
  3148 | D:5      | Entered Level 5 of the Dungeon
  3222 | D:5      | Got a bloodstained robe
  3243 | D:5      | Identified the +2 robe of Least Resistance {-Tele rPois
                  | Dex-3 SInv} (You found it on level 5 of the Dungeon)
  3284 | D:5      | Found a snail-covered altar of Cheibriados.
  3401 | D:5      | Reached skill level 5 in Maces & Flails
  3855 | D:6      | Noticed Grinder
  3863 | D:6      | Killed Grinder
  4011 | D:6      | Reached XP level 9. HP: 56/56 MP: 9/9
  4020 | D:6      | Noticed Duvessa
  4021 | D:6      | Noticed Dowan
  4042 | D:6      | Killed Duvessa
  4057 | D:6      | Killed Dowan
  4060 | D:6      | Noticed Prince Ribbit
  4080 | D:6      | Killed Prince Ribbit
  4532 | D:7      | Noticed a queen bee
  4549 | D:7      | Noticed a hornet
  4587 | D:7      | Noticed domsik's ghost (novice MiFi)
  4728 | D:7      | Found a staircase to the Ecumenical Temple.
  4863 | D:7      | Found a white marble altar of Elyvilon.
  4992 | D:7      | Reached XP level 10. HP: 56/64 MP: 10/10
  5034 | D:7      | Found a transporter.
  5034 | D:7      | Found a transporter.
  5277 | D:7      | Found a sacrificial altar of Ru.
  5644 | D:7      | Killed domsik's ghost
  6095 | D:8      | Noticed a two-headed ogre
  6111 | D:8      | Killed a two-headed ogre
  6114 | D:8      | Noticed Grum
  6302 | D:8      | Killed Grum
  6309 | D:8      | Reached XP level 11. HP: 62/71 MP: 11/11
  7123 | D:9      | Reached skill level 5 in Dodging
  7750 | D:9      | Found an ornate altar of the Wu Jian Council.
  7814 | D:10     | Entered Level 10 of the Dungeon
  7841 | D:10     | Killed an unseen horror
  8027 | D:10     | Found a staircase to the Lair.
  8163 | D:10     | Noticed Nergalle
  8199 | D:10     | Killed Nergalle
  8286 | D:10     | Found Camm's Book Shop.
  8587 | D:11     | Reached skill level 10 in Fighting
  8685 | D:11     | Reached skill level 10 in Armour
  8824 | D:11     | Noticed a two-headed ogre
  8839 | D:11     | Killed a two-headed ogre
  8839 | D:11     | Reached skill level 10 in Shields
  9112 | D:11     | Reached XP level 12. HP: 77/77 MP: 12/12
  9237 | D:11     | Noticed a catoblepas
  9251 | D:11     | Killed a catoblepas
  9737 | Lair:1   | Entered Level 1 of the Lair of Beasts
  9970 | Lair:1   | Found an ornate altar of the Wu Jian Council.
 11043 | Temple   | Entered the Ecumenical Temple
 11081 | Temple   | Became a worshipper of Ashenzari the Shackled
 11605 | Lair:2   | Noticed a queen ant
 11617 | Lair:2   | Noticed a seven-headed hydra
 11636 | Lair:2   | Killed a seven-headed hydra
 11652 | Lair:2   | Killed a queen ant
 11706 | Lair:2   | Reached XP level 13. HP: 56/84 MP: 13/13
 11853 | Lair:2   | Reached skill level 10 in Maces & Flails
 11862 | Lair:2   | Found a dark tunnel.
 11876 | Volcano  | Entered a volcano
 11954 | Volcano  | Reached * piety under Ashenzari
 12305 | Volcano  | Found a burning altar of Makhleb.
 12322 | Volcano  | Noticed a stone giant
 12353 | Volcano  | Killed a stone giant
 12443 | Volcano  | Killed from afar by an efreet

Vault maps used:
D:1:      dpeg_arrival_shrine
D:2:      dancing_weapons_uskayaw, feat_on_display, uniq_robin
D:4:      kennysheep_little_box, serial_shops, shop
D:5:      kennysheep_slug_shrine, first_ration
D:6:      uniq_grinder, uniq_duvessa, uniq_prince_ribbit1
D:7:      marbit_many_paths, nicolae_ru_the_path_less_chosen,
          minmay_temple_entry_nine_rooms, gammafunk_ghost_hive
D:8:      serial_bayou_lagoon_a, uniq_grum
D:9:      overflow_temple_1_default
D:10:     dpeg_oklobed_lair, serial_shops, shop, grunt_ogre_cave, uniq_nergalle
D:11:     minmay_diamond_stairs
Temple:   eino_temple_rhombus
Lair:1:   basic_altar, special_room, serial_bayou_ford_a, lemuel_fruit_fields
Lair:2:   nicolae_volcano_entry_two_sided, minivault_29,
          minmay_lair_oklob_chamber, infiniplex_staircase_pool_2
Volcano:  volcano_lake

Skill      XL: |  1  2  3  4  5  6  7  8  9 10 11 12 13 |
---------------+----------------------------------------+-----
Dodging        | 1 2 4 6 8 |  8.3
Fighting       | 4 5 6 8 9 10 11 | 11.1
Armour         | 4 5 6 7 9 10 11 | 11.1
Shields        | 4 5 6 7 9 10 11 | 11.1
Maces & Flails | 3 4 5 6 8 9 10 | 10.0

Action                   |  1- 3 |  4- 6 |  7- 9 | 10-12 | 13-15 || total
-------------------------+-------+-------+-------+-------+-------++-------
Melee: Flail             |    11 |       |       |       |       ||    11
       Short sword       |   122 |    59 |       |       |       ||   181
       Whip              |       |   190 |   521 |  1273 |   181 ||  2165
Invok: Curse Item        |       |       |       |     8 |       ||     8
  Use: Scroll            |     4 |       |    12 |    14 |     2 ||    32
       Potion            |       |       |     7 |    14 |     6 ||    27
 Stab: Invisible         |       |       |       |     1 |       ||     1
  Eat: Ration            |       |     2 |     3 |     8 |       ||    13
Armor: Scale mail        |    79 |       |       |       |       ||    79
       Plate armour      |       |   246 |   428 |   791 |    56 ||  1521
Dodge: Dodged            |    34 |    58 |   140 |   433 |    37 ||   702
       Deflected         |       |       |       |     2 |     2 ||     4
Block: Shield            |    53 |   179 |   352 |   939 |    82 ||  1605

Table legend:
 A = Non-vault XP
 B = Vault XP
 C = Vault XP percentage of total XP
 D = Non-vault monster count
 E = Vault monster count
 F = Vault count percentage of total count
                 A         B        C        D         E       F
            +---------+---------+-------+---------+---------+-------
      Total |   21376 |   13142 |  38.1 |     355 |     106 |  23.0
            +---------+---------+-------+---------+---------+-------
        D:1 |      46 |       0 |   0.0 |      28 |       0 |   0.0
        D:2 |      62 |      34 |  35.4 |      19 |      12 |  38.7
        D:3 |     344 |       0 |   0.0 |      34 |       0 |   0.0
        D:4 |     758 |       0 |   0.0 |      28 |       0 |   0.0
        D:5 |     467 |       4 |   0.8 |      25 |       1 |   3.8
        D:6 |    1086 |     724 |  40.0 |      31 |       4 |  11.4
        D:7 |    1596 |    1682 |  51.3 |      28 |       8 |  22.2
        D:8 |    2960 |     427 |  12.6 |      41 |       3 |   6.8
        D:9 |    3166 |       0 |   0.0 |      43 |       0 |   0.0
       D:10 |    1823 |     926 |  33.7 |      20 |       2 |   9.1
       D:11 |    2831 |    1202 |  29.8 |      35 |       3 |   7.9
     Lair:1 |    3057 |    1500 |  32.9 |      13 |      20 |  60.6
     Lair:2 |    3180 |    5775 |  64.5 |      10 |      45 |  81.8
    Volcano |       0 |     868 | 100.0 |       0 |       8 | 100.0
            +---------+---------+-------+---------+---------+-------
